 Dungeon Crawl Stone Soup version 0.30.1-3-gfc49f6343a (webtiles) character file.

Game seed: 1368232221434540909

3544 cdecastro the Transmogrifier (level 9, 0/76 HPs)
             Began as a Grey Draconian Transmuter on Aug 9, 2023.
             Was an Elder of Jiyva.
             Slain by a gnoll sergeant
             ... wielding a +0 spear
              (1 damage)
             ... on level 8 of the Dungeon on Aug 10, 2023.
             The game lasted 00:20:33 (7276 turns).

cdecastro the Transmogrifier (DrTm)                 Turns: 7276, Time: 00:20:34

Health: 0/76       AC:  8    Str: 14    XL:     9   Next: 83%
Magic:  12/12      EV: 10    Int: 17    God:    Jiyva [****..]
Gold:   343        SH:  0    Dex: 11    Spells: 2/12 levels left

rFire   x . .        f - melded +2 dagger (venom)
rCold   + + +        (shield currently unavailable)
rNeg    . . .        (body armour unavailable)
rPois   +            a - melded +2 hat of the Black Moon {rCorr Dex-4 SInv}
rElec   .            (cloak currently unavailable)
rCorr   +            y - melded +0 pair of gloves
SInv    .            (boots currently unavailable)
Will    +++..        (no amulet)
Stlth   +            i - ring of resist corrosion
HPRegen 1.60/turn    (no ring)
MPRegen 0.53/turn

%: no passive effects
@: lethally poisoned (0 -> 0), ice-form, wereblooded
A: freezing attack, boosted hp, AC +12, amphibious, large, unfitting armour,
(cold-blooded), strong-willed 3, (shaggy fur 3), wild magic 1, (translucent skin
1)
a: End Transformation, Renounce Religion, Oozemancy, Slimify


You were on level 8 of the Dungeon.
You worshipped Jiyva.
Jiyva was greatly pleased with you.
You were a creature of crystalline ice.
You visited 2 branches of the dungeon, and saw 9 of its levels.
You also visited: Sewer and Ossuary.

You collected 343 gold pieces.

Inventory:

Hand Weapons
 f - a +2 dagger of venom (melded)
Missiles
 m - 12 boomerangs
 E - 15 poisoned darts
Armour
 a - the +2 hat of the Black Moon (melded) {rCorr Dex-4 SInv}
   (You found it on level 6 of the Dungeon)

   Dex:       It affects your dexterity (-4).
   SInv:      It lets you see invisible.
   rCorr:     It protects you from acid and corrosion.
 y - a +0 pair of gloves (melded)
Magical Staves
 D - a staff of air
Jewellery
 i - a ring of resist corrosion (left front paw)
Wands
 l - a wand of flame (9)
 H - a wand of mindburst (19)
 I - a wand of roots (11)
Scrolls
 e - 2 scrolls of fear {unknown}
 g - 2 scrolls of noise {unknown}
 h - 4 scrolls of amnesia {unknown}
 k - a scroll of brand weapon {unknown}
 t - 3 scrolls of poison {unknown}
 u - 2 scrolls of teleportation {unknown}
 v - a scroll of magic mapping {unknown}
 w - 2 scrolls of summoning {unknown}
 x - 2 scrolls of blinking {unknown}
 A - a scroll of identify {unknown}
 B - a scroll of enchant armour {unknown}
Potions
 b - a potion of might {unknown}
 c - 5 potions of heal wounds {unknown}
 d - 6 potions of curing {unknown}
 j - a potion of flight {unknown}
 n - 4 potions of attraction {unknown}
 o - 2 potions of brilliance {unknown}
 p - 2 potions of haste {unknown}
 q - 2 potions of experience {unknown}
 r - 2 potions of invisibility {unknown}
 s - a potion of cancellation {unknown}
 z - a potion of mutation {unknown}
 C - a potion of resistance {unknown}
 F - 2 potions of magic {unknown}
 G - a potion of ambrosia {unknown}


   Skills:
 - Level 1.1 Fighting
 - Level 1.7 Dodging
 - Level 3.5 Unarmed Combat
 - Level 2.0 Spellcasting
 * Level 13.9 Transmutations


You had 2 spell levels left.
You knew the following spells:

 Your Spells              Type           Power      Damage    Failure   Level
a - Beastly Appendage     Tmut           100%       N/A       1%          1
b - Wereblood             Tmut           59%        N/A       1%          2
c - Spider Form           Tmut/Pois      33%        N/A       5%          3
d - Ice Form              Ice/Tmut       33%        N/A       16%         4

Your spell library contained the following spells:

 Spells                   Type           Power      Damage    Failure   Level
 Blink                    Tloc           4%         N/A       36%         2
 Cigotuvi's Dreadful Rot  Necr/Pois/Air  4%         N/A       36%         2
 Lesser Beckoning         Tloc           4%         N/A       36%         2
 Momentum Strike          Conj/Tloc      4%         3d8       36%         2
 Ignite Poison            Fire/Tmut/Pois 22%        N/A       13%         3
 Freezing Cloud           Conj/Ice/Air   1%         6-21      99%         5


Dungeon Overview and Level Annotations

Branches:
Dungeon (8/15)             Temple (1/1) D:4            Lair (0/5) D:8
  Sewer (visited)         Ossuary (visited)

Altars:
Ashenzari
Cheibriados
Dithmenos
Elyvilon
Gozag
Hepliaklqana
Kikubaaqudgha
Makhleb
Nemelex Xobeh
Okawaru
Qazlal
Ru
Sif Muna
Trog
Wu Jian
Xom
Yredelemnul
Zin
The Shining One

Shops:
D:7 [

Annotations:
D:3 1 runed translucent door, Crazy Yiuf


Innate Abilities, Weirdness & Mutations

You are a creature of crystalline ice.
You have a powerful freezing melee attack.
Your maximum health is increased.
Your armour is entirely melded.
You are incapable of wielding weapons or throwing items.
((Your dull iron-grey scales are very hard. (AC +12)))
You are amphibious.
You cannot fit into any form of body armour.
((You are cold-blooded and may be slowed by cold attacks.))
You are extremely strong-willed. (Will+++)
((Your thick and shaggy fur keeps you warm. (AC +3, rC+)))
Your spells are a little harder to cast, but a little more powerful.
((Your translucent skin slightly reduces your foes' accuracy. (Stealth+)))


Message History

The gnoll sergeant hits you from afar with a +0 spear.
* * * LOW HITPOINT WARNING * * *
The gnoll closely misses you. The killer bee stings you.
* * * LOW HITPOINT WARNING * * *
You punch the killer bee! You freeze the killer bee.
You feel a bit better.
You kill the killer bee!
You howl as the wereblood boils in your veins!
You feel sick. The gnoll sergeant barely misses you.
The gnoll barely misses you.
Unknown command.
You hit the gnoll. You freeze the gnoll.
The gnoll is heavily wounded.
You feel sick.
The gnoll sergeant hits you from afar with a +0 spear.
* * * LOW HITPOINT WARNING * * *
The gnoll hits you with a +0 flail.
* * * LOW HITPOINT WARNING * * *
The gnoll completely misses you.
You hit the gnoll. You freeze the gnoll.
You feel a bit better.
You kill the gnoll!
You feel sick. The killer bee barely misses you.
The gnoll sergeant hits you from afar with a +0 spear!
* * * LOW HITPOINT WARNING * * *
The gnoll hits you but does no damage.
Unknown command.
You hit the killer bee. You freeze the killer bee.
The killer bee is heavily wounded.
You feel sick. The killer bee stings you!
* * * LOW HITPOINT WARNING * * *
The killer bee closely misses you. The gnoll sergeant misses you.
The gnoll hits you but does no damage.
Unknown command.
You miss the killer bee.
The killer bee is heavily wounded.
You feel sick. The killer bee stings you.
* * * LOW HITPOINT WARNING * * *
The killer bee stings you.
* * * LOW HITPOINT WARNING * * *
The gnoll sergeant hits you from afar with a +0 spear.
You die...

### .. # .#. # .. ####..#
.... #...... .#.
.........# ... ..
..........## ..# ##.#
.P..........##.# #..#
...............###g###.###
..####...P.# #..Yy.)......
..#>.#..P..###.###g#†....
..#..#...P..#......# ...
..##'#P.P..........# .
........P..##......#
....).....###......#
...P.P...P# #......#
.......P.## #.....##
.......### #.....#


You could see a gnoll sergeant, a killer bee and a gnoll.

Vanquished Creatures
  Maggie (D:8)
  3 steam dragons
  2 water moccasins (D:7)
  An orc warrior (D:8)
  A kobold brigand (D:8)
  5 phantoms
  3 scorpions
  4 water moccasin zombies (Ossuary)
  9 wights (D:8)
  9 killer bees
  2 howler monkeys (D:8)
  5 orc priests
  3 hounds
  3 jellies (Sewer)
  A sleepcap (D:5)
  An iguana (D:6)
  3 orc wizards
  2 mummies (Ossuary)
  Robin (D:3)
  5 gnolls
  6 adders
  3 river rats (Sewer)
  A white imp (D:7)
  An ufetubus (D:5)
  5 adder zombies (Ossuary)
  A worm (D:2)
  18 orcs
  9 ball pythons
  8 bats
  17 endoplasms
  10 giant cockroaches
  15 goblins
  10 hobgoblins
  10 jackals
  3 quokkas
  7 frilled lizards
  2 gnoll zombies (Ossuary)
  5 hobgoblin zombies (Ossuary)
  12 kobolds
  7 kobold zombies (Ossuary)
  2 orc zombies (Ossuary)
  11 rats
227 creatures vanquished.

Vanquished Creatures (others)
  A black bear (D:8)
  A bullfrog (D:7)
  A scorpion (D:8)
  7 jellies
  2 hounds
  2 orc priests (D:5)
  8 orcs
  4 endoplasms (D:4)
  A giant cockroach (D:4)
  2 goblins (D:3)
  A hobgoblin (D:3)
  2 bats (D:3)
32 creatures vanquished.

Grand Total: 259 creatures vanquished

Notes
Turn   | Place    | Note
-------+----------+-------------------------------------------
     0 | D:1      | cdecastro the Draconian Transmuter began the quest for the
                  | Orb.
     0 | D:1      | Reached XP level 1. HP: 16/16 MP: 3/3
   202 | D:1      | Reached XP level 2. HP: 23/23 MP: 5/5
   405 | D:1      | Reached skill level 3 in Transmutations
   536 | D:1      | Reached XP level 3. HP: 28/28 MP: 4/6
   960 | D:2      | Learned a level 2 spell: Wereblood
  1499 | D:2      | Reached XP level 4. HP: 33/35 MP: 5/7
  1979 | D:3      | Reached skill level 4 in Transmutations
  1986 | D:3      | Learned a level 3 spell: Spider Form
  2199 | D:3      | Noticed Robin
  2266 | D:3      | Killed Robin
  2267 | D:3      | Reached XP level 5. HP: 39/40 MP: 4/8
  2291 | D:3      | Found a glowing drain.
  2294 | D:3      | Reached skill level 5 in Transmutations
  2307 | Sewer    | Entered a sewer
  2665 | Sewer    | Found a viscous altar of Jiyva.
  2744 | Sewer    | Reached skill level 6 in Transmutations
  2744 | Sewer    | Reached XP level 6. HP: 46/47 MP: 9/9
  2812 | Sewer    | Became a worshipper of Jiyva Jesysm the Shapeless
  3119 | D:3      | Found a runed translucent door.
  3120 | D:3      | Noticed Crazy Yiuf
  3535 | D:4      | Reached * piety under Jiyva
  3630 | D:4      | Found a staircase to the Ecumenical Temple.
  3767 | D:4      | Reached ** piety under Jiyva
  3950 | D:4      | Reached skill level 7 in Transmutations
  4067 | Temple   | Entered the Ecumenical Temple
  4306 | D:5      | Entered Level 5 of the Dungeon
  4495 | D:5      | Found a sand-covered staircase.
  4503 | Ossuary  | Entered an ossuary
  4598 | Ossuary  | Your scales start taking on a dull iron-grey colour.
  4598 | Ossuary  | Reached XP level 7. HP: 50/52 MP: 10/10
  4665 | Ossuary  | Reached skill level 8 in Transmutations
  4917 | D:5      | Reached skill level 9 in Transmutations
  4981 | D:5      | Reached *** piety under Jiyva
  5150 | D:5      | Gained mutation: You are covered in fur. (AC +1) [Jiyva's
                  | grace]
  5150 | D:5      | Gained mutation: You are covered in thick fur. (AC +2)
                  | [Jiyva's grace]
  5150 | D:5      | Gained mutation: Your thick and shaggy fur keeps you warm.
                  | (AC +3, rC+) [Jiyva's grace]
  5150 | D:5      | Gained mutation: Your spells are a little harder to cast,
                  | but a little more powerful. [Jiyva's grace]
  5419 | D:5      | Reached XP level 8. HP: 58/59 MP: 11/11
  5613 | D:6      | Reached skill level 10 in Transmutations
  5633 | D:6      | Learned a level 4 spell: Ice Form
  5677 | D:6      | Identified the +2 hat of the Black Moon {rCorr Dex-4 SInv}
  5775 | D:6      | Reached **** piety under Jiyva
  6002 | D:6      | Reached skill level 11 in Transmutations
  6441 | D:7      | Found Uckot's Armour Shop.
  6541 | D:7      | Reached XP level 9. HP: 64/64 MP: 12/12
  6781 | D:7      | Reached ***** piety under Jiyva
  6781 | D:7      | Lost mutation: You have a pair of horns on your head.
                  | [Jiyva's grace]
  6781 | D:7      | Lost mutation: You have a pair of small horns on your head.
                  | [Jiyva's grace]
  6781 | D:7      | Lost mutation: You have razor-sharp toenails. [Jiyva's
                  | grace]
  6781 | D:7      | Gained mutation: You are strong-willed. (Will+) [Jiyva's
                  | grace]
  6781 | D:7      | Gained mutation: You are highly strong-willed. (Will++)
                  | [Jiyva's grace]
  6781 | D:7      | Gained mutation: You are extremely strong-willed. (Will+++)
                  | [Jiyva's grace]
  6781 | D:7      | Gained mutation: Your translucent skin slightly reduces
                  | your foes' accuracy. (Stealth+) [Jiyva's grace]
  6843 | D:8      | Noticed Maggie
  6853 | D:8      | Killed Maggie
  6854 | D:8      | Reached skill level 12 in Transmutations
  7032 | D:8      | Reached skill level 13 in Transmutations
  7225 | D:8      | Found a staircase to the Lair.
  7276 | D:8      | HP: 1/76 [killer bee (3)]
  7276 | D:8      | Slain by a gnoll sergeant

Illustrated notes

Levels and vault maps discovered:
D:1:      nicolae_arrival_escape_room, layout_basic, dk_noncrumbling_2
D:2:      layout_basic, columned_hall_lemuel, dreamdust_mushroom_princess
D:3:      layout_basic, portal_sewer_entry_e, guppyfry_early_lair_pool,
          uniq_crazy_yiuf_cottage, uniq_robin
D:4:      minmay_octagon_keep, layout_gridville, minmay_temple_entry_trees
D:5:      layout_cave_pods, serial_co_window_serial, co_window_paths_a,
          co_window_corner_a, co_window_paths_a, co_window_corner_a,
          co_window_paths_a, co_window_paths_a, co_window_corner_a,
          co_window_corner_a, co_window_cross_1, co_window_2corner,
          co_window_2corner, co_window_of_opportunity_b, co_window_corner_b,
          co_window_2corner, co_window_paths_d, glass_columns_a,
          glass_columns_a, glass_columns_a, nicolae_ossuary_entry_ruins
D:6:      nicolae_BIG_FREAKIN_CUBE, layout_gridville
D:7:      layout_basic, serial_shops, nicolae_shop_tiny_glass
D:8:      layout_rooms, mainiacjoe_overflow_boulevard,
          grunt_lair_entry_orc_guard_hut, uniq_maggie
Temple:   compressed_dpeg_triangle_lava_temple

Skill      XL: |  1  2  3  4  5  6  7  8  9 |
---------------+----------------------------+-----
Transmutations | 3 4 6 7 9 11 13 | 13.9
Fighting       | |  1.1
Dodging        | |  1.7
Unarmed Combat | |  3.5
Spellcasting   | |  2.0

Action                     |  1- 3 |  4- 6 |  7- 9 || total
---------------------------+-------+-------+-------++-------
  Melee: Unarmed           |    67 |       |    77 ||   144
         Tailslap          |    13 |    25 |    36 ||    74
         Kick              |    21 |    26 |    59 ||   106
         Headbutt          |     6 |    13 |    34 ||    53
         Punch             |     2 |     8 |     4 ||    14
         Dagger            |    53 |   240 |   341 ||   634
   Cast: Beastly Appendage |    24 |    20 |    16 ||    60
         Wereblood         |       |     6 |    10 ||    16
         Ice Form          |       |       |     4 ||     4
 Invoke: Oozemancy         |       |       |     3 ||     3
  Evoke: Wand              |       |     3 |       ||     3
    Use: Potion            |       |       |     1 ||     1
   Stab: Sleeping          |       |     1 |       ||     1
 Armour: Skin              |    40 |    78 |   231 ||   349
  Dodge: Dodged            |    71 |   162 |   211 ||   444
